 Dungeon Crawl Stone Soup version 0.30.1-11-g7821555f0a (webtiles) character file.

Game seed: 10482518309900998734

161 jagang the Trooper (level 5, -1/42 HPs)
             Began as a Human Monk on Jan 11, 2024.
             Was a Believer of the Shining One.
             Succumbed to a kobold's poison
             ... on level 3 of the Dungeon.
             The game lasted 00:03:46 (2025 turns).

jagang the Trooper (Human Monk)                     Turns: 2025, Time: 00:03:46

Health: -1/42      AC: 11    Str: 11    XL:     5   Next: 70%
Magic:  5/5        EV:  6    Int: 11    God:    the Shining One [**....]
Gold:   219        SH:  0    Dex: 17    Spells: 4/4 levels left

rFire   . . .        b - +0 long sword
rCold   . . .        (no shield)
rNeg    + . .        k - +0 chain mail
rPois   .            a - +0 helmet
rElec   .            (no cloak)
rCorr   .            (no gloves)
SInv    .            o - +0 pair of boots
Will    .....        (no amulet) Stlth
                     (no ring)
HPRegen 0.27/turn    (no ring)
MPRegen 0.09/turn

%: no passive effects
@: lethally poisoned (-1 -> -19), glowing
A: no striking features
a: Renounce Religion, Divine Shield


You were on level 3 of the Dungeon.
You worshipped the Shining One.
The Shining One was pleased with you.
You visited 1 branch of the dungeon, and saw 3 of its levels.

You collected 219 gold pieces.

Inventory:

Hand Weapons
 b - a +0 long sword (weapon)
Missiles
 e - 6 poisoned darts (quivered)
Armour
 a - a +0 helmet (worn)
 k - a +0 chain mail (worn)
 o - a +0 pair of boots (worn)
Scrolls
 d - a scroll of noise {unknown}
 g - 2 scrolls of fear {unknown}
 h - a scroll of teleportation {unknown}
 i - a scroll of blinking {unknown}
 m - 2 scrolls of enchant armour {unknown}
Potions
 c - a potion of ambrosia
 f - 3 potions of curing {unknown}
 j - 2 potions of heal wounds {unknown}
 l - a potion of berserk rage {unknown}
 n - 2 potions of might {unknown}


   Skills:
 * Level 4.1 Fighting
 * Level 4.0 Long Blades
 * Level 2.2 Armour
 - Level 3.0 Dodging
 + Level 1.5 Shields


You had 4 spell levels left.
You didn't know any spells.
Your spell library contained the following spells:

 Spells                   Type           Power      Damage    Failure   Level
 Ignite Poison            Fire/Tmut/Pois 0%         N/A       100%        3
 Sticky Flame             Conj/Fire      0%         2d3       100%        4
 Ignition                 Fire           0%         3d3       100%        8


Dungeon Overview and Level Annotations

Branches:
Dungeon (3/15)

Altars:
The Shining One


Message History

You feel very sick.
The orc wizard hits you but does no damage.
The orc barely misses you. The kobold barely misses you.
The orc hits you but does no damage.
You barely miss the orc wizard.
The orc wizard is almost dead.
You feel very sick. The orc hits you but does no damage.
The orc wizard hits you with a +0 dagger.
The orc hits you but does no damage. The kobold barely misses you.
The orc wizard hits you but does no damage.
The kobold hits you with a +2 dagger of venom.
The orc hits you but does no damage. x2
You completely miss the orc wizard.
The orc wizard is almost dead.
You feel sick.
The orc wizard hits you but does no damage.
The orc hits you but does no damage. The kobold barely misses you.
The orc hits you but does no damage. The orc priest completely misses you.
You barely miss the orc wizard.
The orc wizard is almost dead.
You feel sick. The kobold hits you but does no damage.
You are more poisoned.
The orc wizard hits you but does no damage.
The orc barely misses you. The orc hits you but does no damage.
The orc priest hits you with a +0 dagger.
* * * LOW HITPOINT WARNING * * *
You hit the kobold.
The kobold is severely wounded.
* * * LOW HITPOINT WARNING * * *
You feel very sick. The kobold hits you but does no damage.
You are more poisoned.
The orc hits you but does no damage. The orc wizard barely misses you.
The orc priest hits you but does no damage.
The orc hits you with a +0 falchion.
* * * LOW HITPOINT WARNING * * *
You hit the kobold.
You kill the kobold!
You die...

#########.#..# ..#.#
#.##.. #..$# #.##.. #
#.#.# ###.###. #.#.#.#
###....... ####.#.#.###
#......##. .......#...##
#......##.
[.....o#)#..###......##.
..#o@..#..........##.
......oo.......##.#....[
.........!.....##.......
...............##.######
...............##.# #
###............##.# #
#............##.#
#$...........##.#
................


You could see an orc priest, an orc wizard and 2 orcs.

Vanquished Creatures
  Terence (D:2)
  3 adders (D:2)
  4 gnolls
  8 bats
  7 endoplasms
  3 giant cockroaches (D:2)
  3 goblins
  10 hobgoblins
  3 jackals (D:1)
  4 quokkas
  5 ball pythons
  3 frilled lizards
  7 kobolds
  8 rats
69 creatures vanquished.

Notes
Turn   | Place    | Note
-------+----------+-------------------------------------------
     0 | D:1      | jagang the Human Monk began the quest for the Orb.
     0 | D:1      | Reached XP level 1. HP: 18/18 MP: 1/1
    98 | D:1      | Reached XP level 2. HP: 17/24 MP: 2/2
   218 | D:1      | Reached skill level 1 in Armour
   218 | D:1      | Reached XP level 3. HP: 29/29 MP: 3/3
   910 | D:1      | Reached XP level 4. HP: 30/35 MP: 4/4
   916 | D:1      | Reached skill level 1 in Shields
  1059 | D:2      | Found a glowing golden altar of the Shining One.
  1061 | D:2      | Noticed Terence
  1076 | D:2      | Killed Terence
  1077 | D:2      | Reached XP level 5. HP: 21/42 MP: 5/5
  1168 | D:2      | Became a worshipper of the Shining One
  1168 | D:2      | Reached * piety under the Shining One
  1168 | D:2      | Reached ** piety under the Shining One
  1282 | D:2      | Found a faded altar of an unknown god.
  1285 | D:2      | Identified the +2 robe "Qacoding" {-Tele rElec rC+}
  2025 | D:3      | Succumbed to a kobold's poison

Illustrated notes

Levels and vault maps discovered:
D:1:      dpeg_arrival_subterranean_lakeside_camping, layout_basic,
          minivault_19, minmay_misc_feat_columns, minmay_tetromino_o4
D:2:      layout_loops_ring, ebering_ecumenical_altar_hall, basic_altar,
          serial_forest, infiniplex_forest_clump_medium,
          infiniplex_forest_lined_room_2, infiniplex_forest_straight_2,
          infiniplex_forest_zigzag_2, infiniplex_forest_zigzag_1,
          infiniplex_forest_clump_small, infiniplex_forest_straight_2,
          infiniplex_forest_lined_2, uniq_terence
D:3:      layout_basic, grunt_decor_one_mirror, dreamdust_princess_bridge,
          minmay_gold_behind_fungi, chequers_serial_rivers_micro_a,
          minmay_starry_boxes

Skill      XL: |  1  2  3  4  5 |
---------------+----------------+-----
Armour         | 1 2 |  2.2
Shields        | 1 |  1.5
Long Blades    | 4 |  4.0
Fighting       | 4 |  4.1
Dodging        | |  3.0

Action                     |  1- 3 |  4- 6 || total
---------------------------+-------+-------++-------
  Melee: Falchion          |    56 |       ||    56
         Long sword        |    36 |    88 ||   124
         Punch             |       |     1 ||     1
 Armour: Robe              |     6 |       ||     6
         Chain mail        |    41 |    70 ||   111
  Dodge: Dodged            |    46 |    33 ||    79
